 Dungeon Crawl Stone Soup version 0.31.0-11-ge490571c62 (webtiles) character file.

Game seed: 14938514788951768930

105 qw the Skirmisher (level 4, 0/25 HPs)
             Began as a Deep Elf Hunter on Feb 4, 2024.
             Slain by a gnoll
             ... wielding a +0 halberd of flaming
              (7 damage)
             ... on level 3 of the Dungeon.
             The game lasted 00:00:45 (1843 turns).

qw the Skirmisher (Deep Elf Hunter)                 Turns: 1843, Time: 00:00:46

Health: 0/25       AC:  6    Str: 10    XL:     4   Next: 53%
Magic:  6/6        EV: 11    Int: 14    God:
Gold:   131        SH:  0    Dex: 18    Spells: 3/3 levels left

rFire   . . .        c - +3 shortbow (heavy)
rCold   . . .        (shield currently unavailable)
rNeg    . . .        f - +1 ring mail
rPois   .            (no helmet)
rElec   .            (no cloak)
rCorr   .            (no gloves)
SInv    .            (no boots)
Will    .....        (no amulet)
Stlth   +            (no ring)
HPRegen 0.24/turn    (no ring)
MPRegen 0.10/turn

%: no passive effects
@: no status effects
A: no striking features
a: no special abilities


You were on level 3 of the Dungeon.
You visited 1 branch of the dungeon, and saw 3 of its levels.

You collected 131 gold pieces.


   Skills:
 - Level 1.5 Fighting
 + Level 8.0 Ranged Weapons
 - Level 2.4 Dodging
 - Level 1.2 Stealth


You had 3 spell levels left.
You didn't know any spells.
Your spell library was empty.

Inventory:

Hand Weapons
 c - a +3 heavy shortbow (weapon)
Armour
 f - a +1 ring mail (worn)
Jewellery
 g - a +6 ring of dexterity
 h - a ring of see invisible
Wands
 a - a wand of polymorph (14)
Scrolls
 b - 2 scrolls of revelation {unknown}
 i - a scroll of teleportation {unknown}
 j - a scroll of brand weapon {unknown}
 k - a scroll of identify {unknown}
Potions
 d - a potion of might
 e - a potion of enlightenment {unknown}

Dungeon Overview and Level Annotations

Branches:
Dungeon (3/15)

Altars:
Ru


Message History

You kill the river rat!
The quokka barely misses you.
You shoot an arrow. The arrow hits the quokka!
You kill the quokka!
The rat barely misses you.
You shoot an arrow. The arrow hits the rat!
You kill the rat!
You start resting.
HP restored.
A bat comes into view.
The bat moves out of view.
The bat hits you but does no damage.
You shoot an arrow. The arrow hits the bat.
You kill the bat!
k - a scroll labelled RANOCA SIEWN 2 gnolls come into view.
A gnoll is wielding a +0 halberd of flaming.
You shoot an arrow. The arrow hits the gnoll!
The gnoll shouts!
The gnoll is severely wounded.
You hear the brisk rusting of a drain nearby.
You shoot an arrow. The arrow hits the gnoll.
The gnoll is severely wounded.
A kobold comes into view. It is wielding a +0 dagger.
You shoot an arrow. The arrow closely misses the gnoll.
The kobold shouts!
The gnoll closely misses you.
The gnoll hits you from afar with a +0 halberd of flaming!
Ouch! That really hurt!
The gnoll burns you.
You shoot an arrow. The arrow hits the gnoll!
You kill the gnoll!
A gnoll comes into view. It is wielding a +0 whip.
The gnoll hits you but does no damage.
Your Ranged Weapons skill increases to level 8!
You shoot an arrow. The arrow hits the gnoll!
The gnoll is almost dead.
The gnoll barely misses you.
The gnoll hits you from afar with a +0 halberd of flaming!
You die...

#...#.....#.~~~.#
##.###..###.#~...~# ...
#.## #.#~._.~#
..#..###..# #.#~...~#
## #. ...#.# #.#.~~~.#
###.##.##.# #.#.....#
....#..#.# ##.#...#.
#..##.#.# #.#.#.#
#.@##.#.# #..#.##
.##)......# #......
...Kg..##.#######...###
.#.##..................
.. #....%.............
.g #.....#..).........
. #...####.##.#...###
....#####...........
####........####.###.


You could see 2 gnolls and a kobold.

Vanquished Creatures
  A gnoll (D:3)
  An adder (D:2)
  A river rat (D:3)
  4 dart slugs
  2 orcs (D:3)
  3 endoplasms (D:1)
  A giant cockroach (D:3)
  7 hobgoblins
  3 jackals (D:2)
  6 quokkas
  4 ball pythons
  8 bats
  5 frilled lizards
  6 goblins
  5 kobolds
  12 rats
69 creatures vanquished.

Notes
Turn   | Place    | Note
-------+----------+-------------------------------------------
     0 | D:1      | qw the Deep Elf Hunter began the quest for the Orb.
     0 | D:1      | Reached XP level 1. HP: 12/12 MP: 3/3
     0 | D:1      | 0 ||| qw: Version: 0.3-a-160-g6735b56
     0 | D:1      | 0 ||| qw: Game counter: 5813
     0 | D:1      | 0 ||| qw: Melee chars always use a shield: true
     0 | D:1      | 0 ||| qw: God list: Okawaru
     0 | D:1      | 0 ||| qw: Allow faded altars: false
     0 | D:1      | 0 ||| qw: Do Orc after clearing Dungeon:15 true
     0 | D:1      | 0 ||| qw: Do second Lair branch before Depths: true
     0 | D:1      | 0 ||| qw: Lair rune preference: random
     0 | D:1      | 0 ||| qw: Goals: Normal
     0 | D:1      | 0 ||| PLANNING D:1-11
   231 | D:1      | Reached skill level 6 in Ranged Weapons
   231 | D:1      | Reached XP level 2. HP: 16/16 MP: 4/4
   774 | D:1      | 774 ||| UPGRADING to +0 ring mail.
   784 | D:1      | 784 ||| DROPPING +0 leather armour.
   785 | D:1      | 785 ||| READING scroll labelled CUFELL CUSSIJ.
   785 | D:1      | 785 ||| ENCHANTING +0 ring mail.
   786 | D:1      | 786 ||| READING scroll labelled EMMOSE OLOBE.
   887 | D:1      | 887 ||| READING scroll labelled WEJYIH WOUMAEL.
   887 | D:1      | Identified a scroll of acquirement
   887 | D:1      | 887 ||| ACQUIRING +3 heavy shortbow
   887 | D:1      | Acquired a +3 heavy shortbow
   889 | D:1      | 889 ||| SWAPPING to +3 heavy shortbow.
   890 | D:1      | 890 ||| DROPPING +0 shortbow.
   891 | D:1      | 891 ||| DROPPING scroll of butterflies.
   931 | D:2      | 931 ||| STAIRDANCE
  1015 | D:2      | 1015 ||| STAIRDANCE
  1030 | D:2      | 1030 ||| STAIRDANCE
  1042 | D:2      | Reached XP level 3. HP: 20/20 MP: 5/5
  1162 | D:2      | Reached skill level 7 in Ranged Weapons
  1488 | D:2      | 1488 ||| DRINKING 2 bubbling golden potions.
  1502 | D:3      | 1502 ||| PLANNING SEWER
  1551 | D:3      | Reached XP level 4. HP: 25/25 MP: 6/6
  1551 | D:3      | Found a sacrificial altar of Ru.
  1841 | D:3      | HP: 6/25 [gnoll/+0 halberd of flaming (5)]
  1843 | D:3      | Reached skill level 8 in Ranged Weapons
  1843 | D:3      | Slain by a gnoll

Levels and vault maps discovered:
D:1:      spicycebolla_arrival_clurvy, layout_loops_corners
D:2:      layout_rooms
D:3:      layout_loops_cross, nicolae_ru_awakened_eye, gup_sewer_entry_bowl

Skill      XL: |  1  2  3  4 |
---------------+-------------+-----
Ranged Weapons | 6 7 8 |  8.0
Fighting       | |  1.5
Dodging        | |  2.4
Stealth        | |  1.2

Action                     |  1- 3 |  4- 6 || total
---------------------------+-------+-------++-------
   Fire: Shortbow          |   127 |    23 ||   150
    Use: Scroll            |     3 |       ||     3
         Potion            |     1 |       ||     1
 Armour: Leather armour    |    13 |       ||    13
         Ring mail         |    14 |     6 ||    20
  Dodge: Dodged            |    32 |     4 ||    36

Table legend:
 A = Non-vault XP
 B = Vault XP
 C = Vault XP percentage of total XP
 D = Non-vault monster count
 E = Vault monster count
 F = Vault count percentage of total count
                 A         B        C        D         E       F
            +---------+---------+-------+---------+---------+-------
      Total |     134 |      16 |  10.7 |      66 |       3 |   4.3
            +---------+---------+-------+---------+---------+-------
        D:1 |      35 |       0 |   0.0 |      24 |       0 |   0.0
        D:2 |      58 |       0 |   0.0 |      25 |       0 |   0.0
        D:3 |      41 |      16 |  28.1 |      17 |       3 |  15.0
            +---------+---------+-------+---------+---------+-------
